 Dungeon Crawl Stone Soup version 0.19-a0-934-gf1df8d1 (webtiles) character file.

152 Implojin the Chopper (level 5, 0/45 HPs)
             Began as a Minotaur Fighter on July 8, 2016.
             Shot with an arrow by a centaur (6 damage)
             ... on level 6 of the Dungeon.
             The game lasted 00:02:10 (338 turns).

Implojin the Chopper (Minotaur Fighter)              Turns: 338, Time: 00:02:11

Health: 0/45       AC: 10    Str: 20    XL:     5   Next: 11%
Magic:  4/4        EV:  5    Int:  5    God:
Gold:   25         SH:  9    Dex: 11    Spells: 0 memorised, 4 levels left

rFire  . . .     SeeInvis .     a - +1 war axe
rCold  . . .     Gourm    .     i - +0 chain mail
rNeg   . . .     Faith    .     c - +0 shield
rPois  .         Spirit   .     (helmet restricted)
rElec  .         Dismiss  .     d - +0 cloak
rCorr  .         Reflect  .     (no gloves)
SustAt .         Harm     .     (no boots)
MR     .....                    j - amulet of rage
Stlth  ..........               (no ring)
                                (no ring)

@: not resistant to hostile enchantments, extremely unstealthy
A: retaliatory headbutt, horns 2
a: Evoke Berserk Rage


You were on level 6 of the Dungeon.
You were not hungry.

You visited 1 branch of the dungeon, and saw 6 of its levels.

You collected 25 gold pieces.

Inventory:

Hand Weapons
 a - a +1 war axe (weapon)
Armour
 b - a +0 scale mail
 c - a +0 shield (worn)
 d - a +0 cloak (worn)
 i - a +0 chain mail (worn)
Jewellery
 j - an amulet of rage (around neck)
Scrolls
 e - a scroll of fear {unknown}
 g - a scroll of identify
Potions
 k - a potion of cancellation
 l - a potion of haste {unknown}
Comestibles
 f - a bread ration
 h - 3 meat rations


   Skills:
 - Level 3.6 Fighting
 * Level 6.5 Axes
 - Level 3.6 Armour
 - Level 3.6 Shields


You had 4 spell levels left.
You didn't know any spells.

Dungeon Overview and Level Annotations

Branches:
Dungeon (6/15)
 Temple: D:4-7

Altars:
The Shining One


Innate Abilities, Weirdness & Mutations

You reflexively headbutt those who attack you in melee.
You have a pair of horns on your head.


Message History

The adder hisses angrily.
You closely miss the adder. You headbutt the adder!
The adder is severely wounded.
The adder bites you.
* * * LOW HITPOINT WARNING * * *
The adder bites you but does no damage.
Unknown command.
You closely miss the adder.
The adder is severely wounded.
You block the adder's attack. The adder barely misses you.
You hit the adder.
The adder is severely wounded.
The adder bites you.
* * * LOW HITPOINT WARNING * * *
Unknown command.
You closely miss the adder. Your headbutt misses the adder.
The adder is severely wounded.
The adder bites you.
* * * LOW HITPOINT WARNING * * *
The adder bites you.
* * * LOW HITPOINT WARNING * * *
You slash the adder!
You kill the adder!
Unknown command.
You see here an adder corpse.
g - 2 scrolls labeled JINEAV YPTEFF (gained 1)
There is an escape hatch in the floor here.
You slide downwards.
The hatch slams shut behind you.
A scorpion and 2 centaurs come into view.
The centaur shouts! x2
Unknown command.
Unknown command.
Okay, then.
As you read the scroll labeled JINEAV YPTEFF, it crumbles to dust.
It is a scroll of identify.
k - a potion of cancellation The centaur wields a shortbow.
The centaur shoots an arrow.
You block the arrow.
The centaur wields a shortbow.
The centaur shoots an arrow.
The arrow hits you.
You die...

......
......# .
....... s.
.....## ...
....c##
....
#....#...#.
#.........
#@.......
##.......
.......
.......
.......
.......
....c..
.......


You could see 2 centaurs and a scorpion.

Vanquished Creatures
  A giant frog (D:5)
  A hound (D:4)
  Jessica (D:2)
  2 adders
  2 worms
  A ball python (D:4)
  A goblin (D:2)
  2 hobgoblins (D:2)
  3 bats
  A kobold (D:1)
  2 rats
17 creatures vanquished.

Notes
Turn   | Place    | Note
-------+----------+-------------------------------------------
     0 | D:1      | Implojin the Minotaur Fighter began the quest for the Orb.
     0 | D:1      | Reached XP level 1. HP: 19/19 MP: 0/0
    32 | D:2      | Reached skill level 3 in Axes
    33 | D:2      | Reached XP level 2. HP: 3/26 MP: 1/1
    37 | D:2      | HP: 1/26 [poisoned by an adder]
    93 | D:2      | Noticed Jessica
   107 | D:2      | HP: 1/26 [Jessica/nerve-wracking pain (5)]
   110 | D:2      | Killed Jessica
   110 | D:2      | Reached skill level 4 in Axes
   110 | D:2      | Reached XP level 3. HP: 2/31 MP: 2/2
   116 | D:2      | Found a glowing golden altar of the Shining One.
   236 | D:4      | Reached skill level 5 in Axes
   236 | D:4      | Reached XP level 4. HP: 14/39 MP: 3/3
   246 | D:5      | Entered Level 5 of the Dungeon
   281 | D:5      | Noticed a giant frog
   294 | D:5      | Killed a giant frog
   294 | D:5      | Reached skill level 6 in Axes
   294 | D:5      | Reached XP level 5. HP: 6/45 MP: 4/4
   337 | D:6      | Noticed a centaur
   337 | D:6      | Noticed a centaur
   338 | D:6      | Shot with an arrow by a centaur

Vault maps used:
D:1:      eino_arrival_water_star, ashenzari_altar_1
D:2:      lemuel_doored_altar, minmay_tiny_reverse_x, uniq_jessica
D:3:      first_bread
D:4:      portal_sewer_entry_e
D:5:      serial_glass, glass_columns_c, glass_columns_a
D:6:      serial_shops, nicolae_shop_stone, minmay_misc_feat_ornament,
          uniq_prince_ribbit1

Skill      XL: |  1  2  3  4 |
---------------+-------------+-----
Axes           | 3 4 5 6 |  6.5
Fighting       | |  3.6
Armour         | |  3.6
Shields        | |  3.6

Action                   |  1- 3 |  4- 6 || total
-------------------------+-------+-------++-------
Melee: War axe           |    39 |    11 ||    50
       Headbutt          |     3 |     1 ||     4
  Use: Potion            |     1 |       ||     1
       Scroll            |     3 |     1 ||     4
Armor: Scale mail        |    18 |       ||    18
       Chain mail        |     4 |     4 ||     8
Dodge: Dodged            |    12 |     1 ||    13
Block: Shield            |    29 |     2 ||    31

Table legend:
 A = Turns spent in this place as a percentage of turns spent in the entire game.
 B = Non-inter-level travel turns spent in this place as a percentage of non-inter-level travel turns spent in the entire game.
 C = Inter-level travel turns spent in this place as a percentage of turns spent in this place.
 D = Turns resting spent in this place as a percentage of non-inter-level travel turns spent in this place.
 E = Turns spent auto-exploring this place as a percentage of non-inter-level travel turns spent in this place.
 F = Non-inter-level travel turns spent in this place divided by the number of levels of this place that you've seen.
                   A       B       C       D       E      F
               +-------+-------+-------+-------+-------+----------------------
         Total | 100.0 | 100.0 |   0.0 |   0.0 |   0.0 |  57.5
       Dungeon | 100.0 | 100.0 |   0.0 |   0.0 |   0.0 |  57.5
               +-------+-------+-------+-------+-------+----------------------

Table legend:
 A = Kills in this place as a percentage of kills in entire the game.
 B = Kills by you in this place as a percentage of kills by you in the entire game.
 C = Kills by friends in this place as a percentage of kills by friends in the entire game.
 D = Other kills in this place as a percentage of other kills in the entire game.
 E = Experience gained in this place as a percentage of experience gained in the entire game.
 F = Experience gained in this place divided by the number of levels of this place that you have seen.
                   A       B       C       D       E      F
               +-------+-------+-------+-------+-------+----------------------
         Total | 100.0 | 100.0 |  -nan |  -nan | 100.0 |  36.3
       Dungeon | 100.0 | 100.0 |  -nan |  -nan | 100.0 |  36.3
               +-------+-------+-------+-------+-------+----------------------
